SAAA
VERMONT LAKE MONSTERS @ ALLOWAY HALBERDS
08/31/2023
 
TOP OF THE 1ST
Vermont Lake Monsters batting - Pitching for Alloway Halberds : RHP Jim Unknown
Pitching: RHP Jim Unknown
Batting: RHB Fernando Castro 0-0: Ball
1-0: Foul Ball, location: 2F
1-1: Ball
2-1: TRIPLE (Flyball, 8LM)
Batting: RHB Ray John 0-0: Ball
1-0: Foul Ball, location: 2F
1-1: Ball
2-1: SINGLE (Line Drive, 89S)
Fernando Castro scores
Batting: LHB Reijiro Sato 0-0: Foul Ball, location: 2F
0-1: Fly out, F9 (Flyball, 89D)
Batting: LHB Pedro Willis 0-0: Ball
1-0: 2-RUN HOME RUN (Line Drive, 9D), Distance : 384 ft
Batting: RHB Carlos Padilla 0-0: Called Strike
0-1: Ball
1-1: Fly out, F9 (Flyball, 89S)
Batting: LHB Tim Hill 0-0: Called Strike
0-1: Ball
1-1: Ball
2-1: Ball
3-1: DOUBLE (Flyball, 7LD)
Batting: RHB Bronson Nicholls 0-0: Called Strike
0-1: Ball
1-1: SINGLE (Line Drive, 8RS)
Tim Hill to third
Runner from 3rd tries for Home, SAFE, no throw or cutoff
Batting: RHB Albert Díaz 0-0: Called Strike
0-1: Called Strike
0-2: Foul Ball, location: 2F
0-2: Ball
1-2: Ball
2-2: Strikes out swinging
Top of the 1st over - 4 run(s), 5 hit(s), 0 error(s), 1 left on base; Vermont 4 - Alloway 0
BOTTOM OF THE 1ST
Alloway Halberds batting - Pitching for Vermont Lake Monsters : RHP Alberto Robles
Pitching: RHP Alberto Robles
Batting: RHB Juan Salinas 0-0: Foul Ball, location: 2F
0-1: Ball
1-1: SINGLE (Line Drive, 34D)
Batting: RHB Tracy Larson 0-0: Called Strike
0-1: Foul Ball, location: 2F
0-2: Ball
1-2: DOUBLE (Line Drive, 7LD)
Juan Salinas to third
Batting: RHB Stan Barnes 0-0: Ball
1-0: Ball
2-0: Ball
3-0: Base on Balls
Batting: RHB Juan Martínez 0-0: Called Strike
0-1: Ball
1-1: Foul Ball, location: 2F
1-2: Fly out, F8 (Flyball, 8LD)
Runner from 3rd tags up, SCORES, no throw
Tracy Larson to third
Batting: RHB Dennis Clifton 0-0: Ball
1-0: Ball
2-0: SINGLE (Groundball, 6MD)
Tracy Larson scores
Stan Barnes to second
Batting: RHB Dave Ash 0-0: Ball
1-0: Reached on error, E6 (Groundball, 6)
Stan Barnes to third
Dennis Clifton to second
Batting: SHB Ron Peterson 0-0: Foul Ball, location: 2F
0-1: Ball
1-1: Called Strike
1-2: Fielders Choice at 2nd, 4-6 (Groundball, 4)
Stan Barnes scores
Dennis Clifton to third
Batting: RHB Jonathan Cundall 0-0: Fly out, F3 (Popup, 23F)
Bottom of the 1st over - 3 run(s), 3 hit(s), 1 error(s), 2 left on base; Vermont 4 - Alloway 3
TOP OF THE 2ND
Vermont Lake Monsters batting - Pitching for Alloway Halberds : RHP Jim Unknown
Batting: RHB Ricardo Pacheco 0-0: Called Strike
0-1: Foul Ball, location: 2F
0-2: Ball
1-2: Strikes out swinging
Batting: RHB Fernando Castro 0-0: Foul Ball, location: 2F
0-1: Fly out, F5 (Popup, 5F)
Batting: RHB Ray John 0-0: Swinging Strike
0-1: Foul Ball, location: 2F
0-2: Ball
1-2: Ball
2-2: Ground out 5-3 (Groundball, 5L)
Top of the 2nd over - 0 run(s), 0 hit(s), 0 error(s), 0 left on base; Vermont 4 - Alloway 3
BOTTOM OF THE 2ND
Alloway Halberds batting - Pitching for Vermont Lake Monsters : RHP Alberto Robles
Batting: LHB Mark Crawford 0-0: Ball
1-0: Ball
2-0: Ball
3-0: Called Strike
3-1: Foul Ball, location: 2F
3-2: Fly out, F4 (Popup, 4)
Batting: RHB Juan Salinas 0-0: Ground out 4-3 (Groundball, 4M)
Batting: RHB Tracy Larson 0-0: Called Strike
0-1: Ball
1-1: Ground out 6-3 (Groundball, 6)
Bottom of the 2nd over - 0 run(s), 0 hit(s), 0 error(s), 0 left on base; Vermont 4 - Alloway 3
TOP OF THE 3RD
Vermont Lake Monsters batting - Pitching for Alloway Halberds : RHP Jim Unknown
Batting: LHB Reijiro Sato 0-0: Ball
1-0: Called Strike
1-1: SOLO HOME RUN (Flyball, 9LD), Distance : 339 ft
Batting: LHB Pedro Willis 0-0: Ball
1-0: Called Strike
1-1: Ball
2-1: Called Strike
2-2: Ball
3-2: Foul Ball, location: 2F
3-2: Fly out, F8 (Flyball, 8RXD)
Batting: RHB Carlos Padilla 0-0: Foul Ball, location: 2F
0-1: Ball
1-1: Foul Ball, location: 2F
1-2: SINGLE (Groundball, 34D)
Batting: LHB Tim Hill 0-0: Fly out, F9 (Line Drive, 9M)
Batting: RHB Bronson Nicholls 0-0: Ball
1-0: Called Strike
1-1: Called Strike
1-2: Ground out 5-3 (Groundball, 56S)
Top of the 3rd over - 1 run(s), 2 hit(s), 0 error(s), 1 left on base; Vermont 5 - Alloway 3
BOTTOM OF THE 3RD
Alloway Halberds batting - Pitching for Vermont Lake Monsters : RHP Alberto Robles
Batting: RHB Stan Barnes 0-0: Called Strike
0-1: Ball
1-1: Ball
2-1: Foul Ball, location: 2F
2-2: Foul Ball, location: 2F
2-2: Fly out, F8 (Flyball, 8LM)
Batting: RHB Juan Martínez 0-0: Foul Ball, location: 2F
0-1: Ball
1-1: SINGLE (Groundball, 6D)
Batting: RHB Dennis Clifton 0-0: Ball
1-0: Fly out, F8 (Flyball, 8RXD)
Batting: RHB Dave Ash 0-0: SINGLE (Line Drive, 7S)
Juan Martínez to second
Batting: SHB Ron Peterson 0-0: Ball
1-0: Called Strike
1-1: Ball
2-1: Foul Ball, location: 2F
2-2: Fielders Choice at 2nd, U6 (Groundball, 6M)
Bottom of the 3rd over - 0 run(s), 2 hit(s), 0 error(s), 2 left on base; Vermont 5 - Alloway 3
TOP OF THE 4TH
Vermont Lake Monsters batting - Pitching for Alloway Halberds : RHP Jim Unknown
Batting: RHB Albert Díaz 0-0: Ball
1-0: Fly out, F9 (Flyball, 9LM)
Batting: RHB Ricardo Pacheco 0-0: Called Strike
0-1: Ground out 5-3 (Groundball, 56)
Batting: RHB Fernando Castro 0-0: Ball
1-0: Ball
2-0: Ball
3-0: Called Strike
3-1: Called Strike
3-2: Foul Ball, location: 2F
3-2: DOUBLE (Flyball, 78M)
Batting: RHB Ray John 0-0: Ground out 1-3 (Groundball, 15)
Top of the 4th over - 0 run(s), 1 hit(s), 0 error(s), 1 left on base; Vermont 5 - Alloway 3
BOTTOM OF THE 4TH
Alloway Halberds batting - Pitching for Vermont Lake Monsters : RHP Alberto Robles
Batting: RHB Jonathan Cundall 0-0: Swinging Strike
0-1: Called Strike
0-2: Ball
1-2: Ball
2-2: Ball
3-2: Strikes out swinging
Batting: LHB Mark Crawford 0-0: Reached on Error, E6 (Popup, 6S)
Batting: RHB Juan Salinas 0-0: Ball
1-0: Swinging Strike
1-1: Fielders Choice at 2nd, 6-4 (Groundball, 6)
Batting: RHB Tracy Larson 0-0: Ball
1-0: Swinging Strike
1-1: Ball
2-1: Foul Ball, location: 2F
2-2: Strikes out swinging
Bottom of the 4th over - 0 run(s), 0 hit(s), 1 error(s), 1 left on base; Vermont 5 - Alloway 3
TOP OF THE 5TH
Vermont Lake Monsters batting - Pitching for Alloway Halberds : RHP Jim Unknown
Batting: LHB Reijiro Sato 0-0: SOLO HOME RUN (Flyball, 89XD), Distance : 433 ft
Batting: LHB Pedro Willis 0-0: Ball
1-0: Ground out 4-3 (Groundball, 4)
Batting: RHB Carlos Padilla 0-0: Fly out, F9 (Flyball, 9LS)
Batting: LHB Tim Hill 0-0: Ground out 4-3 (Groundball, 4)
Top of the 5th over - 1 run(s), 1 hit(s), 0 error(s), 0 left on base; Vermont 6 - Alloway 3
BOTTOM OF THE 5TH
Alloway Halberds batting - Pitching for Vermont Lake Monsters : RHP Alberto Robles
Batting: RHB Stan Barnes 0-0: Called Strike
0-1: Called Strike
0-2: Strikes out looking
Batting: RHB Juan Martínez 0-0: Foul Ball, location: 2F
0-1: Swinging Strike
0-2: Ball
1-2: Ball
2-2: Fly out, F9 (Popup, 3D)
Batting: RHB Dennis Clifton 0-0: Called Strike
0-1: Foul Ball, location: 2F
0-2: SINGLE (Line Drive, 56D)
Batting: RHB Dave Ash 0-0: Ball
1-0: Called Strike
1-1: Ball
2-1: Ball
3-1: Foul Ball, location: 2F
3-2: Base on Balls
Dennis Clifton to second
Batting: SHB Ron Peterson 0-0: Ball
1-0: Ball
2-0: Reached on error, E5 (Groundball, 5)
Dennis Clifton to third
Dave Ash to second
Batting: RHB Jonathan Cundall 0-0: Called Strike
0-1: Ball
1-1: GRAND SLAM HOME RUN (Flyball, 7D), Distance : 388 ft
Batting: LHB Mark Crawford 0-0: Ball
1-0: Bunted foul
1-1: Ground out 4-3 (Groundball, 4)
Bottom of the 5th over - 4 run(s), 2 hit(s), 1 error(s), 0 left on base; Vermont 6 - Alloway 7
TOP OF THE 6TH
Vermont Lake Monsters batting - Pitching for Alloway Halberds : RHP Jim Unknown
Batting: RHB Bronson Nicholls 0-0: Foul Ball, location: 2F
0-1: Ball
1-1: Foul Ball, location: 2F
1-2: Ball
2-2: Ball
3-2: Base on Balls
Batting: RHB Albert Díaz 0-0: Ball
1-0: Bunt missed!
1-1: Sac Bunt - play at first, batter OUT! 3-4
Bronson Nicholls to second
Batting: RHB Ricardo Pacheco 0-0: Swinging Strike
0-1: Swinging Strike
0-2: Ball
1-2: Ball
2-2: Ball
3-2: Strikes out looking
Batting: RHB Fernando Castro 0-0: Fly out, F8 (Flyball, 8LM)
Top of the 6th over - 0 run(s), 0 hit(s), 0 error(s), 1 left on base; Vermont 6 - Alloway 7
BOTTOM OF THE 6TH
Alloway Halberds batting - Pitching for Vermont Lake Monsters : RHP Alberto Robles
Pitching: LHP Jim Unknown
Batting: RHB Juan Salinas 0-0: Called Strike
0-1: Foul Ball, location: 2F
0-2: Ball
1-2: Foul Ball, location: 2F
1-2: Foul Ball, location: 2F
1-2: Ball
2-2: Foul Ball, location: 2F
2-2: Ball
3-2: Foul Ball, location: 2F
3-2: Foul Ball, location: 2F
3-2: Foul Ball, location: 2F
3-2: SINGLE (Line Drive, 4M)
Batting: RHB Tracy Larson 0-0: Sac Bunt - play at first, batter OUT! 5-4
Juan Salinas to second
Batting: RHB Stan Barnes 0-0: Called Strike
Juan Salinas is caught stealing 3rd base
0-1: Swinging Strike
0-2: SINGLE (Line Drive, 7S)
Batting: RHB Juan Martínez 0-0: Foul Ball, location: 2F
0-1: Foul Ball, location: 2F
0-2: Ball
1-2: Foul Ball, location: 2F
1-2: Reached on error, E6 (Groundball, 6)
Stan Barnes to second
Batting: RHB Dennis Clifton 0-0: Ball
1-0: Ball
2-0: Foul Ball, location: 2F
2-1: Ground out 1-3 (Groundball, 23)
Bottom of the 6th over - 0 run(s), 2 hit(s), 1 error(s), 2 left on base; Vermont 6 - Alloway 7
TOP OF THE 7TH
Vermont Lake Monsters batting - Pitching for Alloway Halberds : RHP Jim Unknown
Batting: RHB Ray John 0-0: Ball
1-0: Fly out, F3 (Popup, 3L)
Batting: LHB Reijiro Sato 0-0: Ball
1-0: Ball
2-0: Ball
3-0: Called Strike
3-1: Called Strike
3-2: Base on Balls
Batting: LHB Pedro Willis 0-0: Called Strike
0-1: Ball
1-1: Ball
2-1: Ball
3-1: Foul Ball, location: 2F
3-2: Fly out, F8 (Flyball, 89XD)
Pitching: RHP Joe Holmes
Batting: RHB Carlos Padilla 0-0: Ball
1-0: Ball
2-0: Foul Ball, location: 2F
2-1: Fly out, F3 (Popup, 3F)
Top of the 7th over - 0 run(s), 0 hit(s), 0 error(s), 1 left on base; Vermont 6 - Alloway 7
BOTTOM OF THE 7TH
Alloway Halberds batting - Pitching for Vermont Lake Monsters : LHP Jim Unknown
Batting: RHB Dave Ash 0-0: Ball
1-0: Called Strike
1-1: Ball
2-1: Ball
3-1: Foul Ball, location: 2F
3-2: Fly out, F6 (Line Drive, 6)
Batting: SHB Ron Peterson 0-0: Called Strike
0-1: SINGLE (Groundball, 23) (infield hit)
Pinch Hitting: RHB Ramón Gómez 0-0: Ball
1-0: SINGLE (Groundball, 34)
Ron Peterson to second
Runner from 2nd tries for 3rd, SAFE, throw made to third
Ramón Gómez to second
Pinch Hitting: RHB Bill Sackett 0-0: Foul Ball, location: 2F
0-1: Fly out, F9 (Flyball, 89M)
Runner from 3rd tags up, SCORES, no throw
Batting: RHB Juan Salinas 0-0: Swinging Strike
0-1: Swinging Strike
0-2: Ball
1-2: Ground out 6-3 (Groundball, 6M)
Bottom of the 7th over - 1 run(s), 2 hit(s), 0 error(s), 1 left on base; Vermont 6 - Alloway 8
TOP OF THE 8TH
Vermont Lake Monsters batting - Pitching for Alloway Halberds : RHP Joe Holmes
Now at 1B: Jim Unknown
Now in LF: Ramón Gómez
Batting: LHB Tim Hill 0-0: Ground out U3 (Groundball, 3L)
Batting: RHB Bronson Nicholls 0-0: Called Strike
0-1: Ground out U3 (Groundball, 3L)
Batting: RHB Albert Díaz 0-0: Called Strike
0-1: Called Strike
0-2: Ball
1-2: Ball
2-2: Ball
3-2: Fly out, F9 (Flyball, 9M)
Top of the 8th over - 0 run(s), 0 hit(s), 0 error(s), 0 left on base; Vermont 6 - Alloway 8
BOTTOM OF THE 8TH
Alloway Halberds batting - Pitching for Vermont Lake Monsters : LHP Jim Unknown
Batting: RHB Tracy Larson 0-0: Ball
1-0: Ball
2-0: Foul Ball, location: 2F
2-1: Ball
3-1: Called Strike
3-2: Base on Balls
Pitching: RHP Jim Unknown
Batting: RHB Stan Barnes 0-0: Called Strike
0-1: Ball
1-1: Foul Ball, location: 2F
1-2: Fly out, F7 (Flyball, 78D)
Batting: RHB Juan Martínez 0-0: Foul Ball, location: 2F
0-1: Foul Ball, location: 2F
0-2: Ball
1-2: Ball
2-2: Ball
3-2: Strikes out looking
Batting: RHB Dennis Clifton 0-0: Called Strike
0-1: Ball
Wild Pitch!
Tracy Larson to second
1-1: Foul Ball, location: 2F
1-2: Ground out 5-3 (Groundball, 56S)
Bottom of the 8th over - 0 run(s), 0 hit(s), 0 error(s), 1 left on base; Vermont 6 - Alloway 8
TOP OF THE 9TH
Vermont Lake Monsters batting - Pitching for Alloway Halberds : RHP Joe Holmes
Pitching: RHP Darwin von Loen
Batting: RHB Ricardo Pacheco 0-0: Foul Ball, location: 2F
0-1: SINGLE (Line Drive, 56D)
Pinch Hitting: RHB Júlio Santos 0-0: Foul Ball, location: 2F
0-1: Ball
1-1: Foul Ball, location: 2F
1-2: Foul Ball, location: 2F
1-2: Strikes out looking
Batting: RHB Ray John 0-0: Ball
1-0: Called Strike
1-1: Fly out, F8 (Flyball, 8LS)
Batting: LHB Reijiro Sato 0-0: Ball
1-0: Ball
2-0: Swinging Strike
2-1: Foul Ball, location: 2F
2-2: Ball
3-2: Foul Ball, location: 2F
3-2: Base on Balls
Ricardo Pacheco to second
Batting: LHB Pedro Willis 0-0: SINGLE (Line Drive, 9S)
Ricardo Pacheco to third
Reijiro Sato to second
Runner from 3rd tries for Home, SAFE, no throw or cutoff
Batting: RHB Carlos Padilla 0-0: Ball
1-0: Ball
2-0: Called Strike
2-1: Ball
3-1: Base on Balls
Reijiro Sato to third
Pedro Willis to second
Batting: LHB Tim Hill 0-0: Foul Ball, location: 2F
0-1: Ball
1-1: Ball
2-1: Swinging Strike
2-2: Strikes out looking
Top of the 9th over - 1 run(s), 2 hit(s), 0 error(s), 3 left on base; Vermont 7 - Alloway 8
This league is powered by Out of the Park Baseball, the baseball management simulation game for PC, Mac and Linux
Friday, July 8th, 2016 - OOTP Baseball 16.9 Build 39